 Dungeon Crawl Stone Soup version 0.18-a0-1120-g03bd624 (webtiles) character file.

4482 st0uf the Chopper (level 10, -1/91 HPs)
             Began as a Deep Dwarf Fighter on Jan 17, 2016.
             Was a High Priest of Makhleb.
             Slain by Maud
             ... wielding a +2 long sword
              (13 damage)
             ... on level 10 of the Dungeon.
             The game lasted 00:47:45 (7380 turns).

st0uf the Chopper (Deep Dwarf Fighter)              Turns: 7380, Time: 00:47:46

Health: -1/91      AC: 15    Str: 23    XL:     10   Next: 16%
Magic:  15/15      EV: 13    Int:  9    God:    Makhleb [*****.]
Gold:   196        SH:  6    Dex: 15    Spells: 0 memorised, 9 levels left

rFire  + + .     SeeInvis .     J - +12 broad axe "Tul Bani" {drain, +Fly rF+ MR++ Str+3}
rCold  . . .     Gourm    .     b - +0 scale mail
rNeg   . . .     Faith    .     D - +1 buckler {AC+3}
rPois  +         Spirit   .     N - +0 helmet
rElec  .         Dismiss  .     y - +0 cloak
rCorr  .         Reflect  .     F - +0 pair of gloves
SustAt .         Harm     .     v - +0 pair of boots
MR     +++..                    (no amulet)
Stlth  ..........               r - ring of protection from fire
                                S - ring of poison resistance

@: non-regenerating, extremely resistant to hostile enchantments, extremely
unstealthy
A: damage resistance, recharge devices, sense surroundings 2, slow regeneration
3
a: Device Recharging, Minor Destruction, Lesser Servant of Makhleb, Major
Destruction, Greater Servant of Makhleb, Renounce Religion, Evoke Flight


You were on level 10 of the Dungeon.
You worshipped Makhleb.
Makhleb was extremely pleased with you.
You were not hungry.

You visited 2 branches of the dungeon, and saw 11 of its levels.

You collected 651 gold pieces.
You spent 455 gold pieces at shops.

Inventory:

Hand Weapons
 a - a +0 war axe
 J - the +12 broad axe "Tul Bani" (weapon) {drain, +Fly rF+ MR++ Str+3}
   (You bought it in a shop on level 5 of the Dungeon)

   A truly terrible weapon, it drains the life of those it strikes.
   It affects your strength (+3).
   It protects you from fire.
   It affects your resistance to hostile enchantments.
   It lets you fly.
Missiles
 Z - a throwing net (quivered)
Armour
 b - a +0 scale mail (worn)
 c - a +0 shield
 v - a +0 pair of boots (worn)
 y - a +0 cloak (worn)
 D - a +1 buckler of protection (worn)
 F - a +0 pair of gloves (worn)
 N - a +0 helmet (worn)
Jewellery
 q - an uncursed ring of stealth
 r - a ring of protection from fire (right hand)
 P - an uncursed ring of wizardry
 S - a ring of poison resistance (left hand)
Wands
 e - a wand of heal wounds (0/9)
 i - a wand of fire (6/15)
 C - a wand of confusion (14/48)
 I - a wand of frost (25/48)
 V - a wand of polymorph (15/24)
 W - a wand of magic darts (20/48)
 X - a wand of lightning (8/15)
Scrolls
 g - 6 scrolls of remove curse
 j - a scroll of teleportation {unknown}
 l - a scroll of enchant armour {unknown}
 s - a scroll of blinking {unknown}
 u - 6 scrolls of identify
 w - 3 scrolls of magic mapping {unknown}
 H - a scroll of fear {unknown}
 K - a scroll of fog {unknown}
 O - 2 scrolls of silence {unknown}
 Q - 2 scrolls of enchant weapon {unknown}
 R - 4 scrolls of noise {unknown}
 T - 2 scrolls of random uselessness {unknown}
Potions
 d - 4 potions of might
 h - a potion of agility
 n - 4 potions of flight {unknown}
 o - 4 potions of curing {unknown}
 p - a potion of ambrosia {unknown}
 t - 2 potions of mutation {unknown}
 x - a potion of poison {unknown}
 A - 2 potions of invisibility {unknown}
 B - a potion of haste {unknown}
 E - 2 potions of cure mutation {unknown}
 G - a potion of heal wounds {unknown}
 L - a potion of lignification {unknown}
 U - a potion of brilliance {unknown}
Books
 k - a book of the Warp

   Spells                             Type                      Level
   a - Recall                         Summoning/Translocation      3
   b - Gell's Gravitas                Hexes/Translocation          3
   c - Force Lance                    Conjuration/Translocation    4
   d - Phase Shift                    Translocation                5
   e - Warp Weapon                    Charms/Translocation         5
   f - Summon Forest                  Summoning/Translocation      5
Comestibles
 f - 10 bread rations
 m - 4 beef jerkies
 z - 6 meat rations
 M - a slice of pizza


   Skills:
 + Level 6.2 Fighting
 + Level 7.9 Axes
 + Level 6.3 Armour
 + Level 5.7 Dodging
 - Level 5.0 Shields
 * Level 7.4 Invocations
 * Level 7.6 Evocations


You had 9 spell levels left.
You didn't know any spells.

Dungeon Overview and Level Annotations

Branches:
Dungeon (10/15)            Temple (1/1) D:5            Lair (0/8) D:9
    Orc: D:9-12

Altars:
Ashenzari
Cheibriados
Dithmenos
Elyvilon
Fedhas
Gozag
Kikubaaqudgha
Makhleb
Nemelex Xobeh
Okawaru
Pakellas
Qazlal
Ru
Sif Muna
Trog
Vehumet
Xom
Yredelemnul
Zin
The Shining One

Shops:
D:5 ((   D:8 (}[:[

Annotations:
D:4 Dowan, Duvessa
D:10 Maud


Innate Abilities, Weirdness & Mutations

You are resistant to damage.
You can recharge devices by infusing magical energy.
You passively map the area around you.
You do not regenerate naturally.


Message History

Maud is heavily wounded.
Maud barely misses you.
You closely miss Maud.
Maud is heavily wounded.
Maud hits you with an enchanted long sword.
* * * LOW HITPOINT WARNING * * *
You hit Maud. You drain Maud!
Maud is heavily wounded.
Maud closely misses you.
You slash Maud! You drain Maud!
Maud is severely wounded.
Maud screams, "I want it!"
Maud hits you with an enchanted long sword.
You slash Maud!
Maud is severely wounded.
You block Maud's attack.
You slash Maud! You drain Maud!
Maud is almost dead.
Maud hits you with an enchanted long sword!
You die...

*, ,, ## * , *
.. , , #,#. ,*
*** ,, , #.#. ,
, , ,** #.#. *
# ..., * *
#..#.### ** , *
#...@@?# ,
#.##.#.# * ,*
#. #.#.# , #.
#.#.#####.. ,
#. #.#........
#. #.#.#####..
, #.##.#.#####.
** ,
##.............
#...........##.


You could see Maud.

Vanquished Creatures
  A hill giant (D:10)
  Pikel (D:9)
  The ghost of Chiseanne the Skirmisher, a novice CeAE of Gozag (D:6)
  A merfolk (D:9)
  3 wargs (D:9)
  A hippogriff (D:8)
  2 orc warriors (D:9)
  A black bear (D:6)
  An ice beast (D:6)
  An ogre (D:7)
  A centaur (D:8)
  4 big kobolds
  9 giant frogs
  A wyvern skeleton (D:7)
  3 scorpions
  3 killer bees (D:7)
  A crimson imp (D:5)
  A jelly (D:7)
  A centaur zombie (D:10)
  6 orc wizards
  5 orc priests
  A hound (D:9)
  6 worker ants
  An iguana (D:7)
  A hound zombie (D:7)
  A gnoll (D:6)
  4 adders
  A shadow imp (D:5)
  An adder zombie (D:6)
  2 worms
  A giant gecko (D:2)
  34 orcs
  5 giant cockroaches
  5 goblins
  11 hobgoblins
  12 jackals
  2 quokkas
  A ball python (D:2)
  7 bats
  4 giant newts
  50 kobolds
  A quokka skeleton (D:8)
  A quokka zombie (D:8)
  7 rats
207 creatures vanquished.

Vanquished Creatures (others)
  2 slaves (D:9)
  An orc priest (D:4)
3 creatures vanquished.

Grand Total: 210 creatures vanquished

Notes
Turn   | Place    | Note
--------------------------------------------------------------
     0 | D:1      | st0uf the Deep Dwarf Fighter began the quest for the Orb.
     0 | D:1      | Reached XP level 1. HP: 20/20 MP: 1/1
   239 | D:3      | Reached skill level 1 in Evocations
   267 | D:3      | Reached XP level 2. HP: 24/27 MP: 2/2
   293 | D:4      | Noticed Duvessa
   293 | D:4      | Noticed Dowan
   507 | D:4      | Found a radiant altar of Vehumet.
   595 | D:5      | Entered Level 5 of the Dungeon
   603 | D:5      | Reached XP level 3. HP: 24/33 MP: 4/4
   616 | D:5      | Found a sacrificial altar of Ru.
   653 | D:5      | Found a staircase to the Ecumenical Temple.
   680 | D:5      | Found Rebili Xetho's Antique Weapon Shop.
   696 | D:5      | Reached skill level 4 in Shields
   740 | D:5      | Reached XP level 4. HP: 35/42 MP: 5/5
   813 | Temple   | Entered the Ecumenical Temple
   843 | Temple   | Became a worshipper of Makhleb the Destroyer
  1637 | D:2      | Reached * piety under Makhleb
  1712 | D:2      | Found an oddly glowing altar of Pakellas.
  1718 | D:2      | Reached skill level 1 in Dodging
  1829 | D:2      | Found a deep blue altar of Sif Muna.
  2437 | D:3      | Reached XP level 5. HP: 30/49 MP: 6/6
  2452 | D:3      | Found a bloodstained altar of Trog.
  2750 | D:3      | Reached skill level 1 in Invocations
  2929 | D:4      | Found a white marble altar of Elyvilon.
  2930 | D:4      | Found an opulent altar of Gozag.
  3035 | D:5      | Reached ** piety under Makhleb
  3038 | D:5      | Reached XP level 6. HP: 34/56 MP: 8/8
  3095 | D:5      | Found a basalt altar of Yredelemnul.
  3099 | D:5      | Found an iron altar of Okawaru.
  3103 | D:5      | Found a bloodstained altar of Trog.
  3339 | D:5      | Found Zimm's Antique Weapon Shop.
  3411 | D:5      | Bought a warped broad axe for 243 gold pieces
  3411 | D:5      | Identified the +12 broad axe "Tul Bani" {drain, +Fly rF+ MR++ Str+3} (You bought it in a shop on level 5 of the Dungeon)
  3673 | D:6      | Noticed Chiseanne's ghost (novice CeAE)
  3949 | D:6      | Found a glowing silver altar of Zin.
  4009 | D:6      | Reached skill level 5 in Shields
  4243 | D:7      | Found a shadowy altar of Dithmenos.
  4297 | D:7      | HP: 1/56 [giant frog (5)]
  4302 | D:7      | Reached XP level 7. HP: 22/62 MP: 9/9
  4607 | D:7      | Reached XP level 8. HP: 24/72 MP: 11/11
  4614 | D:7      | Found a sparkling altar of Nemelex Xobeh.
  4906 | D:8      | Reached skill level 5 in Armour
  4950 | D:8      | Found a shimmering altar of Xom.
  4956 | D:8      | Found a stormy altar of Qazlal.
  5059 | D:8      | Found Faxiro's Gadget Shop.
  5060 | D:8      | Found Qounkor's Antique Weapon Emporium.
  5064 | D:8      | Bought a crude war axe for 212 gold pieces
  5064 | D:8      | Identified the +9 war axe "Lyat" {drain, MR+ Int+3 Dex-2} (You bought it in a shop on level 8 of the Dungeon)
  5088 | D:8      | Reached skill level 5 in Axes
  5152 | D:8      | Found Vagec's Antique Armour Shop.
  5281 | D:8      | Reached *** piety under Makhleb
  5342 | D:8      | Found Moedacoa's Antique Armour Boutique.
  5376 | D:8      | Reached skill level 5 in Evocations
  5570 | D:8      | Found Qalustrawk's Book Shop.
  5791 | D:6      | Killed Chiseanne's ghost
  5791 | D:6      | Reached skill level 5 in Fighting
  5791 | D:6      | Reached skill level 5 in Invocations
  6006 | D:6      | Reached skill level 6 in Axes
  6006 | D:6      | Gained mutation: You passively map the area around you. [Deep Dwarf growth]
  6006 | D:6      | Reached XP level 9. HP: 71/81 MP: 13/13
  6066 | D:6      | Reached **** piety under Makhleb
  6401 | D:9      | Found a staircase to the Lair.
  6401 | D:9      | Noticed Pikel
  6411 | D:9      | Killed Pikel
  6411 | D:9      | Reached skill level 5 in Dodging
  6422 | D:9      | Reached ***** piety under Makhleb
  6494 | D:9      | Found a sparkling altar of Nemelex Xobeh.
  6506 | D:9      | Reached skill level 7 in Axes
  6958 | D:9      | Found a shadowy altar of Dithmenos.
  7095 | D:9      | Noticed a merfolk
  7107 | D:9      | Killed a merfolk
  7107 | D:9      | Reached XP level 10. HP: 91/91 MP: 15/15
  7279 | D:10     | Entered Level 10 of the Dungeon
  7294 | D:10     | Noticed a hill giant
  7297 | D:10     | Killed a hill giant
  7360 | D:10     | Noticed Maud
  7373 | D:10     | HP: 3/91 [Maud/enchanted long sword (16)]
  7380 | D:10     | Slain by Maud

Vault maps used:
D:1:      dpeg_arrival_three_bigger_balls
D:2:      old_standard_altar, led_sif_pool
D:3:      trog_book
D:4:      lemuel_round_altar, grunt_temple_overflow_open, uniq_duvessa
D:5:      nicolae_ru_awakened_eye, minmay_overflow_temple_star_quad,
          minmay_temple_entry_from_below_a, serial_shops,
          nicolae_shop_statue_plus, shop_fountains, first_bread
D:6:      minmay_goblin_kobold_castle, zin_academy, hangedman_decor_push
D:7:      nemelex_deck, nicolae_dithmenos_shadow_blocks
D:8:      overflow_temple_1_default, lemuel_doored_altar, serial_shops, shop,
          nicolae_shop_temple_entry_statues_fountains, shop_fountains,
          shop_fountains, shop
D:9:      kennysheep_little_box, erik_lair_orcish_takeover, hangedman_fish_farm,
          nemelex_lonely_heart_becter, uniq_pikel
D:10:     minmay_orc_entry_temple_small, uniq_maud
Temple:   nicolae_temple_hex_pool

Action                   |  1- 3 |  4- 6 |  7- 9 | 10-12 || total
-------------------------+-------+-------+-------+-------++-------
Melee: War axe           |    88 |   262 |   217 |       ||   567
       Broad axe         |       |       |    94 |    28 ||   122
Evoke: Wand              |     1 |     3 |     5 |     1 ||    10
  Use: Scroll            |       |       |     2 |       ||     2
 Stab: Confused          |       |       |     1 |       ||     1
       Sleeping          |       |       |     1 |       ||     1
  Eat: Chunk             |       |    11 |    10 |     1 ||    22
